 Seeded DCSS version 0.28.0-53-g5a82cb258f (webtiles) character file.

Game seed: 20220530 (custom seed)

3107 Zeld the Zephyrmancer (level 9, -1/45 HPs)
             Began as a Tengu Air Elementalist on May 30, 2022.
             Was an Initiate of Vehumet.
             Slain by a killer bee (6 damage)
             ... on level 7 of the Dungeon.
             The game lasted 00:13:20 (15171 turns).

Zeld the Zephyrmancer (Tengu Air Elementalist)     Turns: 15171, Time: 00:13:20

Health: -1/45      AC:  3    Str: 10    XL:     9   Next: 90%
Magic:  3/21       EV: 14    Int: 19    God:    Vehumet [......]
Gold:   316        SH:  0    Dex: 14    Spells: 13/23 levels left

rFire   . . .      SeeInvis +   a - +2 mace (venom)
rCold   . . .      Faith    .   (no shield)
rNeg    . . .      Spirit   .   r - +0 robe
rPois   +          Reflect  .   (helmet restricted)
rElec   .          Harm     .   f - +0 cloak
rCorr   .          Rampage  .   (no gloves)
Will    .....                   (boots unavailable)
Stlth   ++........              (no amulet)
HPRegen 0.15/turn               l - ring of see invisible
MPRegen 0.17/turn               t - ring of poison resistance

@: flying quickly and evasively, quick
A: beak, talons 3, nimble flight
a: Renounce Religion


You were on level 7 of the Dungeon.
You worshipped Vehumet.
Vehumet was noncommittal.
You visited 2 branches of the dungeon, and saw 8 of its levels.

You collected 316 gold pieces.

Inventory:

Hand Weapons
 a - a +2 mace of venom (weapon)
Armour
 f - a +0 cloak (worn)
 q - an orb of energy
 r - a +0 robe (worn)
Jewellery
 l - a ring of see invisible (left hand)
 t - a ring of poison resistance (right hand)
Wands
 v - a wand of polymorph (9)
Scrolls
 d - 3 scrolls of teleportation
 i - 5 scrolls of identify
 j - 2 scrolls of fog
 n - a scroll of enchant armour
 s - 2 scrolls of amnesia {unknown}
Potions
 b - 2 potions of heal wounds
 e - a potion of flight {unknown}
 g - a potion of mutation {unknown}
 h - 3 potions of cancellation {unknown}
 k - a potion of attraction {unknown}
 m - a potion of might {unknown}
 p - a potion of haste {unknown}
 u - a potion of lignification {unknown}


   Skills:
 - Level 2.1 Dodging
 - Level 2.0 Stealth
 * Level 7.7 Spellcasting
 + Level 7.4 Conjurations
 * Level 11.1 Air Magic
 + Level 4.3 Evocations


You had 13 spell levels left.
You knew the following spells:

 Your Spells              Type           Power      Damage    Failure   Level
a - Shock                 Conj/Air       100%       1d9       1%          1
b - Static Discharge      Conj/Air       42%        N/A       1%          2
c - Swiftness             Air            49%        N/A       1%          3
d - Airstrike             Air            24%        N/A       1%          4

Your spell library contained the following spells:

 Spells                   Type           Power      Damage    Failure   Level
 Pain                     Necr           28%        1d5       10%         1
 Confusing Touch          Hex            7%         N/A       28%         3
 Gell's Gravitas          Tloc           7%         N/A       28%         3
 Teleport Other           Tloc           7%         N/A       28%         3
 Agony                    Necr           7%         N/A       95%         5
 Excruciating Wounds      Necr           3%         N/A       95%         5
 Yara's Violent Unravell  Hex/Tmut       3%         3d4       95%         5
 Dispersal                Tloc           3%         N/A       100%        6
 Enfeeble                 Hex            3%         N/A       100%        7
 Disjunction              Tloc           3%         N/A       100%        8


Dungeon Overview and Level Annotations

Branches:
Dungeon (7/15)             Temple (1/1) D:7

Altars:
Ashenzari
Cheibriados
Dithmenos
Elyvilon
Fedhas
Gozag
Hepliaklqana
Kikubaaqudgha
Makhleb
Nemelex Xobeh
Okawaru
Qazlal
Ru
Sif Muna
Trog
Uskayaw
Vehumet
Wu Jian
Xom
Yredelemnul
The Shining One

Shops:
D:2 (

Annotations:
D:7 2 transporters, bnorton916's ghost, novice DEFE


Innate Abilities, Weirdness & Mutations

You have a beak for a mouth.
You have claws for feet.
Your magical nature lets you fly swiftly and evasively.


Message History

Bnorton916's ghost turns its malevolent gaze towards you.
You hear a bellow!
You hear a loud, deep croak!
Bnorton916's ghost screams, "They lied to you.
The Dungeon just goes down and down forever."
As you read the scroll of teleportation, it crumbles to dust.
You feel strangely unstable.
You feel yourself speed up.
You feel sick.
Unknown command.
You feel better.
You feel better.
Unknown command.
Your surroundings suddenly seem different.
An orc warrior, a scorpion, a black bear and a killer bee come into view.
Found a shimmering blue altar of Sif Muna.
Found a stone staircase leading down.
The orc warrior shouts!
The black bear growls angrily.
The killer bee buzzes angrily.
You hear an angry buzzing noise.
A killer bee comes into view.
The orc warrior completely misses you.
A killer bee comes into view.
The scorpion stings you. The orc warrior closely misses you.
Found 17 stones.
The killer bee barely misses you. The killer bee stings you!
* * * LOW HITPOINT WARNING * * *
It was a potion of heal wounds.
You feel much better. The killer bee barely misses you.
The orc warrior hits you from afar with a +0 trident!
The killer bee barely misses you.
Casting: Airstrike (dangerous; 1% risk of failure)
Confirm with . or Enter, or press ? or * to list all spells.
The killer bee is struck by an arc of lightning!
The killer bee is heavily wounded.
The lightning grounds out.
The killer bee stings you.
The orc warrior hits you from afar with a +0 trident!
* * * LOW HITPOINT WARNING * * *
The killer bee barely misses you. The killer bee stings you.
You die...

........ ....
##.#.... .....
#.....# #y#...
#.....##y#....
#.h.#.#._...#..
#s.#..y.#..#...
#o###.h8.8..###.
##y#..........#..##
#(@#####..##.###...
#..#.####..##.##.#.
#................#.
#................y.
#####...........##.
####.o##### #.
#....<# #. #.###.#
#. #.. #.


You could see an orc warrior, a black bear, a scorpion and a killer bee.

Vanquished Creatures
  A hornet (D:6)
  Sigmund (D:3)
  A steam dragon (D:5)
  A water moccasin (D:7)
  2 orc warriors (D:7)
  2 sky beasts
  2 black bears (D:5)
  A necrophage (D:7)
  3 ogres
  A centaur (D:5)
  A phantom (D:5)
  A kobold brigand (D:7)
  2 bullfrogs
  A scorpion (D:6)
  A water moccasin skeleton (D:6)
  A howler monkey (D:5)
  A bullfrog zombie (D:6)
  A bullfrog skeleton (D:7)
  4 hounds
  3 centaur skeletons
  An orc priest (D:7)
  Crazy Yiuf (D:3)
  12 jellies
  Jessica (D:3)
  3 iguanas
  5 orc wizards
  A hound zombie (D:5)
  2 hound skeletons
  A howler monkey zombie (D:6)
  9 adders
  2 white imps
  An ufetubus (D:5)
  2 worms
  2 dart slugs
  16 orcs
  5 ball pythons
  14 endoplasms
  6 giant cockroaches
  3 goblins
  7 hobgoblins
  4 jackals (D:5)
  5 quokkas
  7 bats
  2 frilled lizards (D:3)
  16 kobolds
  3 rats (D:1)
162 creatures vanquished.

Vanquished Creatures (others)
  10 fungi (D:7)
10 creatures vanquished.

Grand Total: 172 creatures vanquished

Notes
Turn   | Place    | Note
-------+----------+-------------------------------------------
     0 | D:1      | Zeld the Tengu Air Elementalist began the quest for the
                  | Orb.
     0 | D:1      | Reached XP level 1. HP: 10/10 MP: 4/4
   341 | D:1      | Reached XP level 2. HP: 7/15 MP: 0/6
   614 | D:1      | Learned a level 2 spell: Static Discharge
  1360 | D:1      | Reached XP level 3. HP: 19/19 MP: 4/7
  1364 | D:1      | Learned a level 3 spell: Swiftness
  1545 | D:2      | Found Tetwil's Antique Weapon Shop.
  1858 | D:2      | Reached skill level 5 in Air Magic
  2110 | D:2      | Reached XP level 4. HP: 24/24 MP: 4/9
  2821 | D:3      | Noticed Sigmund
  3381 | D:3      | Noticed Jessica
  3386 | D:3      | Killed Jessica
  3387 | D:3      | Gained mutation: Your magical nature lets you fly swiftly
                  | and evasively. [Tengu growth]
  3387 | D:3      | Reached XP level 5. HP: 28/28 MP: 4/11
  3399 | D:3      | Learned a level 4 spell: Airstrike
  4521 | D:3      | Reached skill level 6 in Air Magic
  4726 | D:3      | Found a runed translucent door.
  4727 | D:3      | Noticed Crazy Yiuf
  5256 | D:3      | Killed Crazy Yiuf
  5468 | D:3      | Killed Sigmund
  5469 | D:3      | Reached XP level 6. HP: 32/32 MP: 7/13
  6026 | D:4      | Reached skill level 7 in Air Magic
  6179 | D:4      | Reached XP level 7. HP: 23/36 MP: 6/14
  6729 | D:5      | Entered Level 5 of the Dungeon
  7083 | D:5      | Reached skill level 5 in Spellcasting
  7083 | D:5      | Reached skill level 1 in Evocations
  7397 | D:5      | Reached skill level 5 in Conjurations
  7405 | D:5      | Reached skill level 8 in Air Magic
  7627 | D:5      | Reached XP level 8. HP: 25/41 MP: 7/17
  8324 | D:5      | You are sucked into a shaft and drop 1 floor!
  8979 | D:6      | Noticed a hornet
  9670 | D:6      | Reached skill level 9 in Air Magic
 10371 | D:6      | Reached XP level 9. HP: 30/45 MP: 7/19
 10627 | D:6      | Killed a hornet
 10968 | D:5      | Reached skill level 10 in Air Magic
 12096 | D:7      | Noticed a skeletal warrior
 12729 | D:7      | Noticed a hornet
 12891 | D:7      | Noticed a moth of wrath
 12895 | D:7      | Noticed bnorton916's ghost (novice DEFE)
 12901 | D:7      | Found a transporter.
 12930 | D:7      | Found a transporter.
 13881 | D:7      | Reached skill level 11 in Air Magic
 14253 | D:7      | Found a staircase to the Ecumenical Temple.
 14264 | Temple   | Entered the Ecumenical Temple
 14304 | Temple   | Became a worshipper of Vehumet
 15063 | D:7      | Noticed a skeletal warrior
 15155 | D:7      | Paralysed by a hornet for 1 turns
 15162 | D:7      | Found a shimmering blue altar of Sif Muna.
 15171 | D:7      | Slain by a killer bee

Illustrated notes

Levels and vault maps discovered:
D:1:      dpeg_arrival_fog, layout_basic
D:2:      layout_loops_ring, serial_shops, nicolae_square_shop,
          chequers_serial_rivers_micro_e, grunt_decor_mini_mirrors
D:3:      layout_rooms, chequers_serial_rivers_micro_b, minivault_19,
          uniq_jessica, uniq_sigmund, uniq_crazy_yiuf_cottage
D:4:      layout_basic, chequers_avenue
D:5:      layout_basic
D:6:      layout_rooms, chequers_serial_rivers_micro_e
D:7:      lemuel_slime, layout_loops_ring, minmay_temple_entry_hall,
          gammafunk_ghost_berserking_beasts, minmay_ruined_shrine
Temple:   regret_index_temple_sigil_plot

Skill      XL: |  1  2  3  4  5  6  7  8  9 |
---------------+----------------------------+-----
Conjurations   | 2 3 4 5 6 7 |  7.4
Air Magic      | 5 6 7 8 9 11 | 11.1
Spellcasting   | 3 4 5 6 7 |  7.7
Evocations     | 1 3 4 |  4.3
Dodging        | |  2.1
Stealth        | |  2.0

Action                   |  1- 3 |  4- 6 |  7- 9 || total
-------------------------+-------+-------+-------++-------
Melee: Unarmed           |     2 |       |       ||     2
       Kick              |     1 |       |     3 ||     4
       Peck              |     1 |       |     2 ||     3
       Mace              |       |       |    10 ||    10
 Cast: Shock             |    80 |    89 |    71 ||   240
       Swiftness         |       |     2 |     1 ||     3
       Static Discharge  |       |     7 |     7 ||    14
       Airstrike         |       |    12 |   120 ||   132
  Use: Scroll            |       |       |     7 ||     7
       Potion            |       |       |     4 ||     4
 Stab: Sleeping          |     1 |       |       ||     1
Armor: Robe              |     4 |     2 |     7 ||    13
Dodge: Dodged            |     5 |    13 |    52 ||    70
